 Dungeon Crawl Stone Soup version 0.18.1-50-g88ac8fd (webtiles) character file.

156984 Amnesiac the Grand Gadgeteer (level 17, -4/131 HPs)
             Began as a Merfolk Fighter on Mar 3, 2018.
             Was the Champion of Pakellas.
             Slain by a lich (6 damage)
             ... on level 3 of the Abyss.
             The game lasted 02:25:46 (35941 turns).

Amnesiac the Grand Gadgeteer (Merfolk Fighter)     Turns: 35941, Time: 02:25:48

Health: -4/131     AC: 20    Str: 22    XL:     17   Next: 68%
Magic:  7/30       EV: 26    Int:  7    God:    Pakellas [******]
Gold:   396        SH: 21    Dex: 20    Spells: 6 memorised, 2 levels left

rFire  + . .     SeeInvis .     b - +9 rod of inaccuracy (3/14)
rCold  + . .     Gourm    .     L - +2 ring mail {rC+}
rNeg   . . .     Faith    .     C - +1 large shield {rC+}
rPois  .         Spirit   .     J - +2 helmet
rElec  .         Dismiss  .     F - +2 cloak
rCorr  .         Reflect  .     W - +2 pair of gloves {Dex+3}
SustAt .         Harm     .     V - +0 pair of boots
MR     +....                    (no amulet)
Stlth  ++++......               O - +5 ring of evasion
                                Y - ring of fire

@: about to teleport, drained, somewhat resistant to hostile enchantments,
stealthy
A: change form in water, swift swim, yellow scales 1, agile 1, blink
a: Blink, Quick Charge, Device Surge, Supercharge, Renounce Religion


You were on level 3 of the Abyss.
You worshipped Pakellas.
Pakellas was exalted by your worship.
You were not hungry.

You visited 4 branches of the dungeon, and saw 21 of its levels.
You visited the Abyss 2 times.
You visited 1 bazaar.
You also visited: Labyrinth and Ice Cave.

You collected 2188 gold pieces.
You spent 1792 gold pieces at shops.

Inventory:

Hand Weapons
 a - a +2 dagger of draining
 q - a +2 rapier of electrocution
 w - a +0 blowgun
 B - a +6 quick blade of distortion
 G - a +1 double sword of holy wrath
Missiles
 U - 17 curare-tipped needles
Armour
 C - a +1 large shield of cold resistance (worn)
 F - a +2 cloak (worn)
 J - a +2 helmet (worn)
 L - a +2 ring mail of cold resistance (worn)
 V - a +0 pair of boots (worn)
 W - a +2 pair of gloves of dexterity (worn)
Rods
 b - a +9 rod of inaccuracy (3/14) (in hand)
   (You took it off a minotaur in a labyrinth)
 e - a +3 rod of ignition (13/13)
   (Pakellas gifted it to you on level 11 of the Dungeon)
Jewellery
 v - an uncursed ring of poison resistance
 K - the ring "Laottija" {MR+ Str+4}
   (You found it in a labyrinth)

   [ring of strength]

   It affects your strength (+4).
   It affects your resistance to hostile enchantments.
 O - a +5 ring of evasion (right hand)
 Y - a ring of fire (left hand)
Wands
 c - a wand of iceblast (6/15)
 h - a wand of hasting (4/9)
 k - a wand of teleportation (1/9)
 l - a wand of digging (8/24)
 n - a wand of heal wounds (4/9)
 y - a wand of polymorph (7/24)
 E - a wand of acid (0/15)
 H - a wand of enslavement (0/24)
 M - a wand of paralysis (9/24)
 S - a wand of lightning (0/15)
 Z - a wand of acid (0/15)
Scrolls
 p - 5 scrolls of identify {!r}
 t - 2 scrolls of fear {!r}
 z - 4 scrolls of remove curse {!r}
 A - a scroll of fog {!r}
 D - 2 scrolls of magic mapping {!r}
Potions
 d - 2 potions of might {!q}
 i - a potion of curing {!q}
 j - 4 potions of cure mutation {!q}
 o - 5 potions of brilliance {!q}
 r - 3 potions of mutation {!q}
 s - a potion of agility {!q}
 u - 8 potions of flight {!q}
 Q - 7 potions of magic {!q}
 T - 2 potions of resistance {!q}
Miscellaneous
 m - a lamp of fire (inert)
 R - a disc of storms
 X - a box of beasts {used: 8}
Comestibles
 f - 7 bread rations
 g - 7 meat rations
 x - 3 chunks of flesh


   Skills:
 - Level 11.5(10.6) Fighting
 - Level 10.0(9.1) Short Blades
 - Level 5.0(4.2) Armour
 + Level 15.4(14.5) Dodging
 - Level 10.0(9.1) Stealth
 - Level 15.0(14.0) Shields
 - Level 18.0(17.0) Evocations


You had 2 spell levels left.
You knew the following spells:

 Your Spells              Type           Power        Failure   Level  Hunger
a - Cure Poison           Pois           #.........   100%        2    ###....
b - Mephitic Cloud        Conj/Pois/Air  #.......     100%        3    ####...
c - Apportation           Tloc           #.........   100%        1    ##.....
e - Confuse               Hex            #.......     100%        3    ####...
r - Regeneration          Chrm/Necr      #.........   100%        3    ####...
z - Confusing Touch       Hex            #.....       100%        2    ###....


Dungeon Overview and Level Annotations

Branches:
Dungeon (15/15)            Temple (1/1) D:6            Lair (0/8) D:11
    Orc (2/2) D:12            Elf (3/3) Orc:2        Vaults (0/5) D:14
 Depths (0/5) D:15

Altars:
Cheibriados
Dithmenos
Elyvilon
Fedhas
Gozag
Kikubaaqudgha
Makhleb
Nemelex Xobeh
Pakellas
Qazlal
Ru
Sif Muna
Trog
Vehumet
Xom
Yredelemnul
The Shining One
Beogh

Shops:
D:8 %   D:15 [   Orc:2 ?(}}   Elf:3 (((%

Annotations:
Elf:2 1 runed door


Innate Abilities, Weirdness & Mutations

You revert to your normal form in water.
You are very nimble and swift while swimming.
You are partially covered in yellow scales (AC +2).
You are agile. (Dex +2)
You can translocate small distances at will.


Message History

The eye of draining gazes at you.
You feel your power leaking away.
A quasit comes into view.
Wield which item (- for none, * to show all)? (? for menu, Esc to quit)
Okay, then.
Your +2 rapier of electrocution stops crackling.
You sense an unholy aura.
a - a +2 dagger of draining (weapon)
That item cannot be evoked!
Firing (i - inventory): No suitable missiles.
Press: ? - help, Shift-Dir - straight line, f - lich
Aim: a lich (fast)
Okay, then.
b - a +9 rod of inaccuracy (5/14) (in hand)
A golden eye comes into view.
Aiming: Bolt of Inaccuracy
Press: ? - help, Shift-Dir - straight line, f - lich
Aim: a lich (fast)
The narrow beam of energy misses the lich.
The narrow beam of energy misses the smoke demon.
The golden eye turns its gaze towards you.
You block the lich's attack. The golden eye blinks at you.
You are confused.
The lich touches you but does no damage.
You're too confused!
Drink which item? (? for menu, Esc to quit)
Really quaff
i - 2 potions of curing {!q}?
You feel better. You block the lich's attack.
The golden eye blinks!
Read which item? (? for menu, Esc to quit)
Okay, then.
Evoke which item? (* to show all) (? for menu, Esc to quit)
Zapping:
k - a wand of teleportation (2/9)
Press: ? - help, Shift-Dir - straight line, f - you, p - lich You feel strangely unstable.
You feel the power of the Abyss delaying your translocation!
This wand has 1 charge left.
The lich closely misses you.
The lich touches you but does no damage.
Put on which piece of jewellery? (? for menu, Esc to quit)
Okay, then.
Unknown command.
Read which item? (? for menu, Esc to quit)
Okay, then.
A hellion comes into view.
The hellion moves out of view.
The lich casts a spell at you. The bolt of lightning misses you.
The lich points at you and mumbles some strange words.
The bolt of lightning hits you!
* * * LOW HITPOINT WARNING * * *
Evoke which item? (* to show all) (? for menu, Esc to quit)
Okay, then.
Unknown command.
Drink which item? (? for menu, Esc to quit)
Okay, then.
Charge which item? (? for menu, Esc to quit)
Your wand of heal wounds (0/9) glows for a moment and now has 4 charges.
You feel somewhat more hungry.
The lich conjures a glowing orb.
The wavering orb of destruction weakly hits you!
* * * LOW HITPOINT WARNING * * *
The lich touches you.
You die...
Pakellas says: Good help is so hard to find these days!

## #.# .### #.
#.#.## #...#.# ..#
##...#..# # # # .
#......# .#..#.. .#
... ...###.....#
#.# #.... #...# ##.
. #.....#..####.##
# .. #..@L##...#
##...##.##.....# .
#.#..##..#...#.# ##
###
#..3.#..#.#.##.# #
. ... ..
..##..#.#.##.. ..#
...G..#.#.#.###.#..
# #........##...#.
. # . ...........
#..#..#..... .#. #
.#..... #..#.....#
#


You could see a lich.

Vanquished Creatures
  A deep elf blademaster (Elf:2)
  A deep elf master archer (Elf:3)
  Donald (Elf:1)
  A deep elf sorcerer (Elf:3)
  2 orc warlords
  A frost giant (IceCv)
  Aizul (Elf:1)
  A deep elf elementalist (Elf:2)
  A minotaur (Lab)
  The ghost of Amnesiac the Prestidigitator, a journeyman DEFi of Gozag (Elf:1)
  3 deep elf death magi
  Harold (D:11)
  4 hydras
  4 centaur warriors
  2 death knights (D:15)
  23 dancing weapons
  A tengu warrior (D:13)
  3 ogre magi
  The ghost of Amnesiac the Pioneer, a journeyman DEFi of Pakellas (D:11)
  3 orc high priests
  12 deep elf knights
  2 wizards
  2 deep trolls (Orc:2)
  4 skeletal warriors (D:15)
  2 unseen horrors
  12 hill giants
  3 starcursed masses (Abyss:3)
  7 deep elf archers
  3 necromancers
  2 orc knights
  8 cyclopes
  3 orc sorcerers
  62 deep elf magi
  A wolf spider zombie (D:15)
  11 ugly things
  A manticore (D:14)
  2 griffons
  2 wyverns
  A salamander (shapeshifter) (Elf:1)
  4 large abominations
  An ice statue (IceCv)
  A spiny frog (shapeshifter) (D:15)
  A naga mage (D:15)
  7 wolves (IceCv)
  4 gargoyles
  2 freezing wraiths (D:15)
  An efreet (D:14)
  17 trolls
  15 polar bears (IceCv)
  Prince Ribbit (D:6)
  12 two-headed ogres
  3 raiju (Abyss:3)
  8 slime creatures
  2 hornet zombies
  A harpy skeleton (D:15)
  A blink frog (shapeshifter) (D:15)
  Sigmund (D:6)
  2 shadows (D:15)
  2 air elementals
  2 centaur simulacra (D:15)
  3 wraiths
  2 water elementals (Elf:2)
  4 basilisks (Lab)
  4 fire elementals
  A steam dragon (D:11)
  36 yaks
  2 vampire mosquitoes (D:15)
  5 hungry ghosts
  A hippogriff (D:11)
  2 mottled dragons
  3 wargs
  The ghost of Amnesiac the Ducker, an amateur DEFi (D:5)
  A water moccasin (D:14)
  3 black bears
  27 orc warriors
  4 ice beasts
  An ogre (shapeshifter) (D:13)
  A wasp (D:15)
  4 sky beasts
  3 necrophages
  29 ogres
  4 phantoms
  9 centaurs
  The ghost of Amnesiac the Cutter, an amateur DEFi (D:3)
  7 big kobolds
  A crocodile (D:9)
  6 elf zombies (Elf:1)
  8 giant frogs
  A gnoll sergeant (D:7)
  An earth elemental (Elf:2)
  3 scorpions
  5 killer bees (D:8)
  10 wights
  A howler monkey (D:8)
  10 crimson imps
  A wasp zombie (D:11)
  2 giant frog zombies (D:13)
  10 hounds
  19 orc priests
  4 centaur skeletons
  4 centaur zombies
  5 jellies
  A quasit (D:10)
  Crazy Yiuf (D:2)
  4 giant frog skeletons
  3 iguanas
  26 orc wizards
  7 worker ants
  A killer bee zombie (D:6)
  6 sheep
  3 hound skeletons
  A worker ant zombie (D:6)
  6 gnolls
  A river rat (D:11)
  8 adders
  4 shadow imps
  An adder skeleton (D:9)
  5 worms
  3 dart slugs
  8 giant geckos
  113 orcs
  A ball python (D:5)
  14 bats
  2 giant cockroaches
  5 goblins
  2 hobgoblins
  6 jackals
  4 quokkas
  A giant gecko skeleton (D:4)
  4 giant newts
  A giant newt (shapeshifter) (D:15)
  A jackal skeleton (D:6)
  31 kobolds
  A quokka skeleton (D:5)
  A quokka zombie (D:8)
  14 rats
823 creatures vanquished.

Vanquished Creatures (collateral kills)
  Rupert (D:13)
  A deep elf elementalist (Elf:2)
  A deep elf death mage (Elf:1)
  7 dancing weapons
  A deep elf knight (Elf:1)
  A hill giant (D:12)
  2 deep elf magi (Elf:1)
  An ugly thing (D:14)
  A gargoyle (D:13)
  2 yaks (IceCv)
  4 orc warriors (Orc:2)
  An ogre (Orc:2)
  A big kobold (D:11)
  2 orc wizards (Orc:2)
  A gnoll (Orc:2)
  A river rat (D:11)
  6 orcs (Orc:2)
  4 kobolds (D:11)
  A crawling corpse (Elf:2)
39 creatures vanquished.

Vanquished Creatures (others)
  A deep elf sorcerer (Elf:3)
  2 deep elf elementalists
  2 deep elf high priests (Elf:3)
  A dancing weapon (Elf:2)
  A deep elf knight (Elf:3)
  A deep elf archer (Elf:3)
  5 deep elf magi (Elf:3)
  An ugly thing (D:14)
  A polar bear (IceCv)
  A troll (Orc:2)
  A two-headed ogre (Orc:2)
  An air elemental (Elf:3)
  A fire elemental (Elf:1)
  A water elemental (Elf:3)
  A hungry ghost (D:14)
  An earth elemental (Elf:3)
  A crawling corpse (Elf:3)
  12 fungi
  5 plants (D:11)
40 creatures vanquished.

Grand Total: 902 creatures vanquished

Notes
Turn   | Place    | Note
--------------------------------------------------------------
     0 | D:1      | Amnesiac the Merfolk Fighter began the quest for the Orb.
     0 | D:1      | Reached XP level 1. HP: 18/18 MP: 1/1
   165 | D:2      | Reached XP level 2. HP: 24/24 MP: 2/2
   508 | D:2      | Reached XP level 3. HP: 25/29 MP: 3/3
   602 | D:3      | Noticed a centaur
   673 | D:3      | Killed a centaur
   673 | D:3      | Reached XP level 4. HP: 13/35 MP: 4/4
   890 | D:3      | Reached skill level 1 in Evocations
   890 | D:3      | Reached XP level 5. HP: 41/41 MP: 5/5
   899 | D:3      | Reached skill level 2 in Evocations
   942 | D:3      | Noticed Amnesiac's ghost (amateur DEFi)
   947 | D:3      | Killed Amnesiac's ghost
   947 | D:3      | Reached skill level 3 in Evocations
   947 | D:3      | Reached XP level 6. HP: 47/47 MP: 6/8
   970 | D:3      | Reached skill level 4 in Evocations
  1634 | D:4      | Reached XP level 7. HP: 48/54 MP: 10/10
  2054 | D:4      | Reached skill level 5 in Dodging
  2484 | D:5      | Entered Level 5 of the Dungeon
  2562 | D:5      | Found a stormy altar of Qazlal.
  2701 | D:5      | Noticed Amnesiac's ghost (amateur DEFi)
  2722 | D:5      | Killed Amnesiac's ghost
  2722 | D:5      | Reached XP level 8. HP: 38/60 MP: 11/11
  2853 | D:5      | Reached skill level 5 in Fighting
  3603 | D:6      | Noticed Sigmund
  3615 | D:6      | Killed Sigmund
  3615 | D:6      | Reached skill level 5 in Evocations
  3668 | D:6      | Found a staircase to the Ecumenical Temple.
  3672 | Temple   | Entered the Ecumenical Temple
  3683 | Temple   | Became a worshipper of Pakellas the Inventive
  3800 | D:6      | Found a sparkling altar of Nemelex Xobeh.
  4727 | D:2      | Found an opulent altar of Gozag.
  5016 | D:2      | Noticed Crazy Yiuf
  5030 | D:2      | Killed Crazy Yiuf
  5427 | D:6      | Reached skill level 6 in Evocations
  5574 | D:6      | Reached * piety under Pakellas
  5574 | D:6      | Received a gift from Pakellas
  5624 | D:6      | Reached XP level 9. HP: 54/69 MP: 13/13
  5769 | D:6      | Found a white marble altar of Elyvilon.
  5769 | D:6      | Found a shadowy altar of Dithmenos.
  5776 | D:6      | Found a burning altar of Makhleb.
  5776 | D:6      | Found a radiant altar of Vehumet.
  5778 | D:6      | Found a glowing golden altar of the Shining One.
  5780 | D:6      | Found a bloodstained altar of Trog.
  5957 | D:6      | Noticed Prince Ribbit
  5985 | D:6      | Killed Prince Ribbit
  5985 | D:6      | Reached skill level 7 in Evocations
  6951 | D:7      | Reached skill level 8 in Evocations
  7488 | D:8      | Found Ynkihyh's Food Shoppe.
  7717 | D:8      | Reached ** piety under Pakellas
  7717 | D:8      | Received a gift from Pakellas
  7840 | D:8      | Reached skill level 5 in Shields
  8108 | D:8      | You fall through a shaft for 3 floors!
  8114 | D:11     | Noticed a hill giant
  8123 | D:11     | Killed a hill giant
  8123 | D:11     | Reached skill level 9 in Evocations
  8123 | D:11     | Reached XP level 10. HP: 70/76 MP: 16/16
  8124 | D:11     | Reached skill level 12 in Evocations
  8124 | D:11     | Reached XP level 11. HP: 75/81 MP: 16/20
  8275 | D:10     | Entered Level 10 of the Dungeon
  8319 | D:10     | Learned a level 2 spell: Cure Poison
  8322 | D:10     | Learned a level 2 spell: Confusing Touch
  8326 | D:10     | Learned a level 3 spell: Confuse
  8330 | D:10     | Learned a level 3 spell: Mephitic Cloud
  8809 | D:9      | Reached *** piety under Pakellas
  8809 | D:9      | Received a gift from Pakellas
  9138 | D:9      | Found a sparkling altar of Nemelex Xobeh.
 10008 | D:9      | Reached skill level 5 in Short Blades
 10008 | D:9      | Reached skill level 5 in Stealth
 10543 | D:9      | Noticed a two-headed hydra
 10552 | D:9      | Killed a one-headed hydra
 10635 | D:9      | Reached **** piety under Pakellas
 10635 | D:9      | Received a gift from Pakellas
 10635 | D:9      | Reached skill level 13 in Evocations
 11479 | D:10     | Killed an unseen horror
 11711 | D:10     | Noticed a griffon
 11736 | D:10     | Killed a griffon
 12598 | D:11     | Noticed Harold
 12881 | D:11     | Reached XP level 12. HP: 68/88 MP: 22/22
 13058 | D:11     | Noticed an eight-headed hydra
 13148 | D:10     | Killed an eight-headed hydra
 13370 | D:11     | Killed Harold
 13434 | D:11     | Reached skill level 10 in Dodging
 13450 | D:11     | Noticed Amnesiac's ghost (journeyman DEFi)
 13458 | D:11     | Killed Amnesiac's ghost
 13526 | D:11     | Reached ***** piety under Pakellas
 13526 | D:11     | Received a gift from Pakellas
 13557 | D:11     | Identified a +3 rod of ignition (13/13) (Pakellas gifted it to you on level 11 of the Dungeon)
 14212 | D:11     | Found a staircase to the Lair.
 14435 | D:11     | Reached skill level 10 in Shields
 14441 | D:11     | Reached skill level 5 in Armour
 15418 | D:12     | Paralysed by fainting for 6 turns
 15622 | D:12     | Found a staircase to the Orcish Mines.
 15673 | D:12     | Noticed a seven-headed hydra
 15682 | D:12     | Killed a seven-headed hydra
 15711 | D:12     | Reached XP level 13. HP: 98/98 MP: 23/23
 15984 | Orc:1    | Entered Level 1 of the Orcish Mines
 16110 | Orc:1    | Noticed an orc warlord
 16144 | Orc:1    | Killed an orc warlord
 16810 | Orc:2    | Entered Level 2 of the Orcish Mines
 16879 | Orc:2    | Found a roughly hewn altar of Beogh.
 16965 | Orc:2    | Reached ****** piety under Pakellas
 17302 | Orc:2    | Found Bonorid's Gadget Shoppe.
 17313 | Orc:2    | Found a frozen archway.
 17319 | IceCv    | Entered an ice cave
 18303 | IceCv    | Noticed a frost giant
 18657 | IceCv    | Killed a frost giant
 19143 | Orc:2    | Reached skill level 10 in Stealth
 19164 | Orc:2    | Reached skill level 10 in Short Blades
 19311 | Orc:2    | Reached skill level 14 in Evocations
 19884 | Orc:2    | Reached XP level 14. HP: 82/105 MP: 16/24
 20909 | Orc:2    | Reached skill level 15 in Evocations
 21545 | Orc:2    | Found Efestra's Antique Weapon Boutique.
 21546 | Orc:2    | Found Vaumnis's Gadget Shoppe.
 21554 | Orc:2    | Found Jaomn's Magic Scroll Emporium.
 21573 | Orc:2    | Bought a scroll of noise for 10 gold pieces
 21586 | Orc:2    | Found a staircase to the Elven Halls.
 21802 | Orc:2    | Bought a wand of heal wounds (5/9) for 810 gold pieces
 21811 | Orc:2    | Learned a level 3 spell: Regeneration
 21931 | D:13     | Gained mutation: You are agile. (Dex +2) [potion of beneficial mutation]
 21932 | D:13     | Gained mutation: You have a pair of small antennae on your head. [potion of beneficial mutation]
 21933 | D:13     | Lost mutation: You are agile. (Dex +2) [potion of cure mutation]
 21933 | D:13     | Lost mutation: You have a pair of small antennae on your head. [potion of cure mutation]
 21934 | D:13     | Gained mutation: You are agile. (Dex +2) [potion of mutation]
 21934 | D:13     | Gained mutation: You are partially covered in yellow scales (AC +2). [potion of mutation]
 22036 | D:13     | Noticed Rupert
 22057 | D:13     | Killed Rupert
 22560 | D:14     | Reached skill level 16 in Evocations
 23554 | D:14     | Found a gate to the Vaults.
 23798 | D:14     | Reached skill level 17 in Evocations
 24114 | D:15     | Entered Level 15 of the Dungeon
 24316 | D:14     | Reached XP level 15. HP: 85/110 MP: 5/27
 24335 | D:15     | Found Searuz's Armour Shoppe.
 24359 | D:15     | Found a labyrinth entrance.
 24369 | Lab      | Entered a labyrinth
 25612 | Lab      | Got a clouded golden ring
 25614 | Lab      | Identified the ring "Laottija" {MR+ Str+4} (You found it in a labyrinth)
 25728 | Lab      | Learned a level 1 spell: Apportation
 25751 | D:15     | Identified a +8 rod of inaccuracy (11/11) (You took it off a minotaur in a labyrinth)
 26103 | D:15     | Reached skill level 18 in Evocations
 26742 | D:15     | Reached skill level 10 in Fighting
 26851 | D:15     | Found a staircase to the Depths.
 27101 | D:15     | Found a sacrificial altar of Ru.
 27259 | Orc:2    | Bought a wand of hasting (5/9) for 972 gold pieces
 27267 | Elf:1    | Entered Level 1 of the Elven Halls
 27284 | Elf:1    | Noticed Amnesiac's ghost (journeyman DEFi)
 27306 | Elf:1    | Killed Amnesiac's ghost
 27345 | Elf:1    | Got a polished mace
 27528 | Elf:1    | Found a flickering gateway to a bazaar.
 27535 | Bazaar   | Entered a bazaar
 27544 | Bazaar   | Found Roemuu's Antique Armour Shop.
 27570 | Bazaar   | Found Faecisk's Jewellery Shop.
 27818 | Elf:1    | Noticed Donald
 27826 | Elf:1    | Killed Donald
 28504 | Elf:1    | Reached XP level 16. HP: 42/126 MP: 14/29
 28859 | Elf:1    | Identified the Papyrus of Dark Magic
 29158 | Elf:1    | Noticed Aizul
 29306 | Elf:1    | Killed Aizul
 31497 | Elf:2    | Found a runed door.
 31519 | Elf:2    | Found a runed door.
 31579 | Elf:3    | Entered Level 3 of the Elven Halls
 31993 | Elf:2    | Noticed a deep elf blademaster
 32040 | Elf:2    | Killed a deep elf blademaster
 32245 | Elf:2    | Reached skill level 15 in Shields
 32262 | Elf:2    | Reached XP level 17. HP: 85/131 MP: 30/30
 34173 | Elf:3    | Found Zonown's Antique Weapon Shop.
 34362 | Elf:3    | Found Luef's Weapon Boutique.
 34447 | Elf:3    | Found Kenugrixt's Food Shoppe.
 34462 | Elf:3    | Found Deloipu's Weapon Boutique.
 34633 | Elf:3    | Noticed a deep elf blademaster
 34634 | Elf:3    | Noticed a deep elf master archer
 34959 | Elf:2    | Gained mutation: You can translocate small distances at will. [mutagenic glow]
 35261 | Elf:3    | Killed a deep elf master archer
 35522 | Elf:2    | Reached skill level 15 in Dodging
 35714 | Elf:3    | Cast into level 2 of the Abyss (a deep elf demonologist)
 35722 | Abyss:2  | Noticed a tentacled starspawn
 35743 | Elf:3    | Escaped the Abyss
 35782 | Elf:3    | Cast into level 3 of the Abyss (a deep elf sorcerer)
 35785 | Abyss:3  | Found a corrupted altar of Lugonu.
 35794 | Abyss:3  | Got a steaming jade ring
 35796 | Abyss:3  | Identified the ring of the Final Decision {MP+9 Int+4} (You found it on level 3 of the Abyss)
 35908 | Abyss:3  | Noticed a lich
 35941 | Abyss:3  | HP: 2/131 [disintegration (29)]
 35941 | Abyss:3  | Slain by a lich

Skill      XL: |  1  2  3  4  5  6  7  8  9 10 11 12 13 14 15 16 17 |
---------------+----------------------------------------------------+-----
Short Blades   | 3 4 5 6 10 | 10.0
Stealth        | 3 4 5 6 10 | 10.0
Evocations     | 1 3 4 6 9 12 13 14 17 18 | 18.0
Fighting       | 4 6 8 11 | 11.5
Dodging        | 2 5 6 7 10 15 | 15.4
Armour         | 4 5 |  5.0
Shields        | 5 8 9 10 11 15 | 15.0

Action                   |  1- 3 |  4- 6 |  7- 9 | 10-12 | 13-15 | 16-18 || total
-------------------------+-------+-------+-------+-------+-------+-------++-------
Melee: Rapier            |    54 |    53 |       |       |   192 |    46 ||   345
       Dagger            |       |    72 |   630 |   790 |  1875 |   528 ||  3895
       Hand axe          |       |       |       |     3 |       |       ||     3
       Double sword      |       |       |       |       |    18 |    70 ||    88
       Quick blade       |       |       |       |       |       |   225 ||   225
       Tailslap          |       |       |       |       |       |     2 ||     2
 Fire: Hand crossbow     |       |       |       |   242 |    66 |       ||   308
Throw: Throwing net      |       |       |       |     1 |       |       ||     1
Invok: Quick Charge      |       |       |       |     3 |    15 |     4 ||    22
Evoke: Wand              |     1 |     6 |    11 |    39 |   215 |    40 ||   312
       Rod               |       |       |       |     5 |    65 |   164 ||   234
       Box of beasts     |       |       |       |       |     5 |     3 ||     8
       Lamp of fire      |       |       |       |       |       |     1 ||     1
  Use: Scroll            |     7 |     1 |     5 |    10 |    14 |    12 ||    49
       Potion            |     1 |       |     1 |     3 |     4 |    15 ||    24
 Stab: Paralysed         |     3 |       |    10 |    35 |    49 |     7 ||   104
       Invisible         |       |       |     1 |       |       |     4 ||     5
       Sleeping          |       |       |       |     6 |    21 |     4 ||    31
       Distracted        |       |       |       |     1 |     7 |     1 ||     9
  Eat: Chunk             |       |     2 |    22 |    31 |    35 |    25 ||   115
       Pizza             |       |       |       |     1 |     3 |       ||     4
       Royal jelly       |       |       |       |       |     1 |       ||     1
       Meat ration       |       |       |       |       |     1 |     1 ||     2
       Bread ration      |       |       |       |       |     1 |       ||     1
Armor: Scale mail        |    13 |    30 |   188 |       |       |       ||   231
       Ring mail         |       |       |       |   254 |   419 |   158 ||   831
       Robe              |       |       |       |    27 |       |       ||    27
Dodge: Dodged            |     8 |    33 |   207 |   393 |   804 |   368 ||  1813
Block: Shield            |    26 |    45 |   285 |   567 |   577 |       ||  1500
       Large shield      |       |       |       |       |   836 |   712 ||  1548
